 Dungeon Crawl Stone Soup version 0.20.1-1-g8b1a95d (webtiles) character file.

914 Peloso the Slasher (level 8, 49/61 HPs)
             Began as a Formicid Fighter on July 29, 2017.
             Was a Follower of Okawaru.
             Quit the game on level 5 of the Dungeon.
             The game lasted 00:13:07 (4259 turns).

Peloso the Slasher (Formicid Fighter)               Turns: 4259, Time: 00:13:08

Health: 49/61      AC: 12    Str: 21    XL:     8   Next: 30%
Magic:  8/8        EV:  5    Int:  8    God:    Okawaru [*.....]
Gold:   176        SH: 10    Dex: 12    Spells: 7/7 levels left

rFire    . . .     SeeInvis +   a - +4 falchion
rCold    . . .     Gourm    .   c - +0 shield
rNeg     . . .     Faith    .   e - +0 plate armour
rPois    .         Spirit   .   (helmet unavailable)
rElec    .         Reflect  .   (no cloak)
rCorr    .         Harm     .   (no gloves)
MR       .....                  (no boots)
Stlth    ..........             (no amulet)
Regen    0.2/turn               (no ring)
MPRegen  0.2/turn               (no ring)

@: no status effects
A: permanent stasis, dig shafts and tunnels, four strong arms, antennae 3
a: Dig, Shaft Self, Heroism, Renounce Religion


You were on level 5 of the Dungeon.
You worshipped Okawaru.
Okawaru was aware of your devotion.
You were near starving.

You visited 2 branches of the dungeon, and saw 6 of its levels.

You collected 176 gold pieces.

Inventory:

Hand Weapons
 a - a +4 falchion (weapon)
Armour
 b - a +0 scale mail
 c - a +0 shield (worn)
 e - a +0 plate armour (worn)
Jewellery
 v - the ring of the Imp {rN+ MR+ MP+9 Dex-3 SInv}
   (You found it on level 5 of the Dungeon)

   [ring of magical power]

   It affects your dexterity (-3).
   It protects you from negative energy.
   It affects your resistance to hostile enchantments.
   It affects your magic capacity (+9).
   It lets you see invisible.
Scrolls
 g - a scroll of blinking
 i - a scroll of magic mapping {unknown}
 m - 2 scrolls of remove curse
 o - 3 scrolls of identify
 p - 2 scrolls of random uselessness {unknown}
 q - 3 scrolls of recharging {unknown}
 x - a scroll of amnesia {unknown}
Potions
 d - a potion of might
 j - a potion of curing
 l - a potion of invisibility
 r - a potion of agility
 s - a potion of resistance
 t - 2 potions of berserk rage
 u - 4 potions of haste
 w - a potion of cancellation {unknown}
Comestibles
 f - 4 bread rations
 h - 5 fruits
 k - 3 royal jellies
 n - 2 meat rations


   Skills:
 + Level 4.6 Fighting
 + Level 6.2 Long Blades
 + Level 5.7 Armour
 + Level 0.8 Dodging
 + Level 0.3 Stealth
 + Level 5.8 Shields


You had 7 spell levels left.
You didn't know any spells.

Dungeon Overview and Level Annotations

Branches:
Dungeon (5/15)             Temple (1/1) D:4

Altars:
Cheibriados
Kikubaaqudgha
Makhleb
Okawaru
Vehumet
Xom
Yredelemnul


Innate Abilities, Weirdness & Mutations

You cannot be hasted, slowed, berserked, paralysed or teleported.
You can dig through walls and to a lower floor.
Your four strong arms can wield two-handed weapons with a shield.
You have a pair of large antennae on your head. (SInv)


Message History

You block Sigmund's attack.
You slash Sigmund!
Sigmund is severely wounded.
Sigmund says, "Your kind have come here before.
I understand now why.
You desire death..."
Sigmund mumbles some strange words.
Sigmund flickers and vanishes for a moment.
You hit Sigmund.
Sigmund is severely wounded.
Sigmund hits you but does no damage.
You slash Sigmund!
Sigmund is almost dead.
You slash Sigmund!
You kill Sigmund!
Okawaru is honoured by your kill.
Your Long Blades skill increases to level 6!
Things that are here:
a scythe; an embroidered robe; the human corpse of Sigmund Quiver which item? (- for none, * to show all) (? for menu, Esc to quit)
Okay, then.
Are you sure you want to abandon this character and quit the game? (Confirm with "yes".)

#.# #...) ##+##
###.# ##...## #.#
##.....## ####.#
##.......## ###.##.#
#.....<...###......#
+........$+.......##
#.........###....##
#.@.)...........#
##.....#.##...#.#
##...##.##...#.#
##+###.##...#.#
#.##.###.# ..##.#
#.# ...... ..#
.###.#


There were no monsters in sight!

Vanquished Creatures
  Sigmund (D:5)
  Menkaure (D:5)
  A phantom (D:3)
  Blork the orc (D:5)
  2 hounds
  An orc wizard (D:4)
  A centaur skeleton (D:4)
  7 worker ants (D:4)
  4 adders
  3 gnolls (D:4)
  An ooze (D:3)
  3 adder skeletons
  A worm (D:3)
  2 dart slugs (D:2)
  4 leopard geckos
  18 orcs
  3 ball pythons
  9 bats
  4 giant cockroaches
  7 goblins
  3 hobgoblins
  6 jackals
  A frilled lizard (D:2)
  A jackal skeleton (D:4)
  9 kobolds
  2 leopard gecko skeletons
  A quokka zombie (D:5)
  10 rats
107 creatures vanquished.

Notes
Turn   | Place    | Note
-------+----------+-------------------------------------------
     0 | D:1      | Peloso the Formicid Fighter began the quest for the Orb.
     0 | D:1      | Reached XP level 1. HP: 18/18 MP: 1/1
   152 | D:1      | Reached XP level 2. HP: 21/24 MP: 2/2
   290 | D:1      | Reached XP level 3. HP: 11/29 MP: 3/3
  1014 | D:2      | Reached XP level 4. HP: 13/35 MP: 4/4
  1253 | D:2      | Found a burning altar of Makhleb.
  1262 | D:2      | Reached skill level 3 in Long Blades
  1793 | D:3      | Reached XP level 5. HP: 15/41 MP: 5/5
  2004 | D:3      | Noticed a phantom
  2121 | D:3      | Killed a phantom
  2121 | D:3      | Reached XP level 6. HP: 25/47 MP: 6/6
  2405 | D:3      | Reached skill level 4 in Long Blades
  2450 | D:3      | Reached skill level 5 in Shields
  2579 | D:3      | Found an ancient bone altar of Kikubaaqudgha.
  2647 | D:3      | Found a shimmering altar of Xom.
  3053 | D:4      | Reached XP level 7. HP: 14/53 MP: 7/7
  3070 | D:4      | Reached skill level 5 in Armour
  3636 | D:4      | Found a staircase to the Ecumenical Temple.
  3657 | Temple   | Entered the Ecumenical Temple
  3664 | Temple   | Became a worshipper of Warmaster Okawaru
  3785 | D:4      | Reached skill level 5 in Long Blades
  3923 | D:5      | Entered Level 5 of the Dungeon
  3953 | D:5      | Got a translucent lapis lazuli ring
  3954 | D:5      | Identified the ring of the Imp {rN+ MR+ MP+9 Dex-3 SInv} (You found it on level 5 of the Dungeon)
  4070 | D:5      | Noticed Menkaure
  4079 | D:5      | Killed Menkaure
  4214 | D:5      | Noticed Blork the orc
  4225 | D:5      | Killed Blork the orc
  4225 | D:5      | Reached * piety under Okawaru
  4225 | D:5      | Reached XP level 8. HP: 61/61 MP: 8/8
  4240 | D:5      | Noticed Sigmund
  4255 | D:5      | Killed Sigmund
  4255 | D:5      | Reached skill level 6 in Long Blades
  4259 | D:5      | Quit the game

Skill      XL: |  1  2  3  4  5  6  7  8 |
---------------+-------------------------+-----
Armour         | 4 5 |  5.7
Shields        | 4 5 |  5.8
Long Blades    | 3 4 5 6 |  6.2
Fighting       | 4 |  4.6
Dodging        | |  0.8
Stealth        | |  0.3

Action                   |  1- 3 |  4- 6 |  7- 9 || total
-------------------------+-------+-------+-------++-------
Melee: Long sword        |   132 |   212 |       ||   344
       Falchion          |       |    41 |    76 ||   117
       Unarmed           |       |     4 |       ||     4
 Abil: Dig               |       |     2 |       ||     2
  Use: Scroll            |       |     9 |       ||     9
       Potion            |       |     1 |       ||     1
  Eat: Chunk             |       |     8 |     2 ||    10
Armor: Plate armour      |   125 |   211 |    36 ||   372
Dodge: Dodged            |    20 |    68 |    16 ||   104
Block: Shield            |    93 |   169 |    23 ||   285
       Rpst.: Long sword |     5 |    14 |       ||    19
       Falchion          |       |     2 |     3 ||     5
